 Dungeon Crawl Stone Soup version 0.31-a0-1612-g4aaf141004 (webtiles) character file.

Game seed: 4220952359368279691

188300 Essalna the Metallomancer (level 18, 0/120 HPs)
             Began as a Gargoyle Earth Elementalist on Jan 3, 2024.
             Was a High Priest of Vehumet.
             Slain by a merfolk
             ... wielding a +0 trident
              (8 damage)
             ... on level 2 of the Shoals on Jan 9, 2024.
             The game lasted 01:30:37 (38159 turns).

Essalna the Metallomancer (GrEE)                   Turns: 38159, Time: 01:30:38

Health: 0/120      AC: 28    Str: 15    XL:     18   Next: 9%
Magic:  28/40      EV: 13    Int: 24    God:    Vehumet [*****.]
Gold:   1301       SH: 16    Dex: 10    Spells: 10/35 levels left

rFire   + + .        E - +10 spear "Irhownao" {venom, Will++}
rCold   + . .        m - +0 kite shield {rF+}
rNeg    + . .        P - +2 robe "Golloo Negi" {rCorr MP+9}
rPois   ∞            (no helmet)
rElec   +            H - scarf {rC+ rF+}
rCorr   +            C - +1 pair of gloves {Str+3}
SInv    .            (no boots)
Will    +++..        Y - amulet of reflection
Stlth   ++           d - +4 ring of protection
HPRegen 0.40/turn    r - +4 ring of protection
MPRegen 0.27/turn

%: reflection
@: marked, flying
A: sickness immunity, AC +13, big wings, negative energy resistance 1,
electricity resistance, torment resistance 1, petrification resistance
}: 1/15 runes: serpentine
a: Renounce Religion


You were on level 2 of the Shoals.
You worshipped Vehumet.
Vehumet was extremely pleased with you.
You visited 6 branches of the dungeon, and saw 28 of its levels.
You also visited: Sewer, Bailey and Ice Cave.

You collected 3729 gold pieces.
You spent 2428 gold pieces at shops.

Inventory:

Hand Weapons
 E - the +10 spear "Irhownao" (weapon) {venom, Will++}
   (You found it on level 4 of the Dungeon)

   Will++:    It greatly increases your willpower.
Armour
 g - a +2 kite shield
 m - a +0 kite shield of fire resistance (worn)
 C - a +1 pair of gloves of strength (worn)
 H - a scarf of resistance (worn)
 P - the +2 robe "Golloo Negi" (worn) {rCorr MP+9}
   (You found it on level 11 of the Dungeon)

   MP+9:      It affects your magic capacity (+9).
   rCorr:     It protects you from acid and corrosion.
 Z - a +0 tower shield of fire resistance
Magical Staves
 S - a staff of conjuration
Jewellery
 d - a +4 ring of protection (left hand)
 e - a +6 ring of intelligence
 r - a +4 ring of protection (right hand)
 t - the ring of Disaster {Will+ rCorr Str+5}
   (You found it on level 2 of the Dungeon)

   [ring of resist corrosion]

   Str+5:     It affects your strength (+5).
   Will+:     It increases your willpower.
   rCorr:     It protects you from acid and corrosion.
 A - a ring of see invisible
 D - the ring of the Taurataur {rC+ Dex+3}
   (You found it in an ice cave)

   [ring of protection from cold]

   Dex+3:     It affects your dexterity (+3).
   rC+:       It protects you from cold.
 F - a ring of positive energy
 J - a +5 ring of evasion
 K - a +4 ring of slaying
 M - a +4 ring of protection
 N - an amulet of regeneration
 R - a ring of flight
 T - an amulet of guardian spirit
 U - an amulet of the acrobat
 Y - an amulet of reflection (around neck)
Wands
 V - a wand of light (10)
 X - a wand of iceblast (2)
Scrolls
 f - 15 scrolls of identify
 j - 4 scrolls of fear
 n - 7 scrolls of enchant armour
 o - 4 scrolls of revelation
 p - 6 scrolls of amnesia
 u - 2 scrolls of poison
 v - a scroll of silence
 x - 18 scrolls of teleportation
 y - 2 scrolls of blinking
 G - 2 scrolls of immolation
 I - 6 scrolls of fog
Potions
 a - 2 potions of degeneration
 b - 11 potions of magic
 c - 7 potions of lignification
 h - 9 potions of curing
 i - 3 potions of attraction
 k - 8 potions of brilliance
 l - 8 potions of ambrosia
 q - 5 potions of enlightenment
 s - 9 potions of mutation
 z - 2 potions of invisibility
 L - 4 potions of might
 O - 2 potions of berserk rage
 Q - a potion of cancellation
 W - 3 potions of haste
Miscellaneous
 w - a lightning rod (4/4)


   Skills:
 - Level 16.0 Fighting
 - Level 7.0 Armour
 - Level 7.0 Dodging
 - Level 2.1 Stealth
 - Level 11.4 Shields
 - Level 9.0 Spellcasting
 - Level 14.0 Conjurations
 + Level 9.3 Fire Magic
 - Level 21.0 Earth Magic


You had 10 spell levels left.
You knew the following spells:

 Your Spells              Type           Power      Damage    Failure   Level
a - Sandblast             Erth           100%       2d20      0%          1
b - Stone Arrow           Conj/Erth      100%       3d13      1%          3
c - Iskenderun's Battles  Conj           67%        2d12      1%          5
d - Bombard               Conj/Erth      38%        9d7       1%          6
e - Lee's Rapid Deconstr  Erth           42%        3d20*     1%          5
f - Fireball              Conj/Fire      30%        3d13      1%          5

Your spell library contained the following spells:

 Spells                   Type           Power      Damage    Failure   Level
 Passwall                 Erth           84%        N/A       0%          3
 Sting                    Conj/Alch      100%       1d9       1%          1
 Scorch                   Fire           100%       2d9       1%          2
 Static Discharge         Conj/Air       88%        3-7/arc   1%          2
 Inner Flame              Hex/Fire       33%        N/A       1%          3
 Animate Armour           Summ/Erth      100%       N/A       1%          4
 Brom's Barrelling Bould  Conj/Erth      76%        2d9       1%          4
 Flame Wave               Conj/Fire      61%        2d14      1%          4
 Iskenderun's Mystic Bla  Conj/Tloc      44%        2d10      1%          4
 Leda's Liquefaction      Alch/Erth      28%        N/A       1%          4
 Petrify                  Alch/Erth      57%        N/A       1%          4
 Ignite Poison            Fire/Alch      33%        N/A       4%          4
 Sticky Flame             Fire/Alch      33%        2d7       4%          4
 Mercury Vapours          Alch/Air       20%        N/A       5%          2
 Irradiate                Conj/Alch      22%        3d19      5%          5
 Apportation              Tloc           20%        N/A       12%         1
 Necrotise                Necr           40%        1d6       12%         1
 Slow                     Hex            40%        N/A       12%         1
 Summon Small Mammal      Summ           40%        N/A       12%         1
 Freezing Cloud           Conj/Ice/Air   16%        6-21      13%         5
 Lehudib's Crystal Spear  Conj/Erth      38%        10d9      16%         8
 Ensorcelled Hibernation  Hex/Ice        20%        N/A       19%         2
 Jinxbite                 Hex            20%        N/A       19%         2
 Airstrike                Air            5%         2d(1-17)  28%         4
 Olgreb's Toxic Radiance  Alch           10%        N/A       28%         4
 Confusing Touch          Hex            10%        N/A       34%         3
 Sigil of Binding         Hex            10%        N/A       34%         3
 Summon Ice Beast         Ice/Summ       10%        N/A       34%         3
 Swiftness                Air            10%        N/A       34%         3
 Tukima's Dance           Hex            10%        N/A       34%         3
 Vampiric Draining        Necr           10%        2d6       34%         3
 Yara's Violent Unravell  Hex/Alch       5%         3d4       58%         5
 Dimensional Bullseye     Hex/Tloc       5%         N/A       75%         4
 Martyr's Knell           Necr/Summ      10%        N/A       75%         4
 Passage of Golubria      Tloc           10%        N/A       75%         4
 Summon Lightning Spire   Summ/Air       10%        N/A       75%         4
 Alistair's Intoxication  Alch           6%         N/A       97%         5
 Curse of Agony           Necr           10%        N/A       97%         5
 Silence                  Hex/Air        5%         N/A       97%         5
 Summon Mana Viper        Hex/Summ       10%        N/A       97%         5
 Ignition                 Fire           27%        3d9       98%         8
 Summon Cactus Giant      Summ           5%         N/A       100%        6
 Enfeeble                 Hex            5%         N/A       100%        7
 Monstrous Menagerie      Summ           5%         N/A       100%        7
 Ozocubu's Refrigeration  Ice            5%         4d8       100%        7
 Discord                  Hex            5%         N/A       100%        8
 Cigotuvi's Dreadful Rot  Necr/Alch/Air  Unusable   N/A       N/A         2

Dungeon Overview and Level Annotations

Branches:
Dungeon (14/15)            Temple (1/1) D:5            Lair (5/5) D:10
 Shoals (2/4) Lair:2        Snake (4/4) Lair:2        Slime (0/5) Lair:5
    Orc (2/2) D:12            Elf (0/3) Orc:2         Sewer (visited)
 Bailey (visited)           IceCv (visited)
 Vaults: D:13-14

Altars:
Ashenzari
Cheibriados
Dithmenos
Elyvilon
Fedhas
Gozag
Hepliaklqana
Kikubaaqudgha
Makhleb
Nemelex Xobeh
Okawaru
Qazlal
Ru
Sif Muna
Trog
Uskayaw
Vehumet
Wu Jian
Xom
Yredelemnul
Zin
The Shining One
Jiyva

Shops:
D:1 :   D:4 (   D:14 *   Orc:2 ?[[*!   Snake:1 *:   Snake:2 *   Snake:4 =:=

Portals:
Trove: D:11 (give 14 potions of heal wounds)

Annotations:
D:5 1 runed translucent door, fly's ghost, weakling KoDe
D:8 2 transporters, vurker's ghost, novice DjAE
D:13 1 runed translucent door


Innate Abilities, Weirdness & Mutations

You are immune to sickness and miasma.
Your stone body is resilient. (AC +13)
You are immune to poison.
Your large and strong wings let you fly.
You resist negative energy. (rN+)
You are resistant to electric shocks. (rElec)
You are resistant to unholy torment.
You are immune to petrification.


Message History

The merfolk hits you from afar with a +0 trident!
The merfolk siren chants a haunting song.
You are mesmerised by the merfolk siren!
You rip the net and break free!
You block the merfolk's attack.
You block the sea snake's attack. x2; The merfolk closely misses you.
The water nymph casts a spell at you. The water rises up and strikes you.
* * * LOW HITPOINT WARNING * * *
The merfolk hits you but does no damage.
The merfolk siren chants its luring song.
You feel much better.
The merfolk hits you from afar with a +0 trident!
The sea snake bites you!
* * * LOW HITPOINT WARNING * * *
The sea snake bites you!
* * * LOW HITPOINT WARNING * * *
The merfolk siren chants a haunting song.
You resist with almost no effort. You block the merfolk's attack.
The merfolk hits your battlesphere with a +0 trident!!
Your battlesphere is destroyed!
The water nymph gestures at you while chanting.
The water rises up and strikes you.
The merfolk hits you from afar with a +0 trident!
* * * LOW HITPOINT WARNING * * *
The merfolk siren chants its luring song.
As you read the scroll of fear, it crumbles to dust.
You assume a fearsome visage.
The sea snake looks frightened!
The wind drake looks frightened!
The merfolk resists with some effort.
The merfolk siren looks frightened!
The sea snake looks frightened!
The merfolk looks frightened! x2; The merfolk easily resists.
The cyclops looks frightened!
The dream sheep looks frightened!
A frightened dream sheep leaps away.
The dream sheep looks frightened!
The dream sheep bleats in terror.
The water nymph looks frightened!
The merfolk siren looks frightened!
The merfolk siren stops singing.
You break out of your daze!
The merfolk hits you but does no damage.
The merfolk hits you from afar with a +0 trident!
You die...

≈~≈≈≈≈≈≈~~~~~~..≈≈..~....~≈≈
~≈≈.≈≈≈≈≈~~~~~~.~~..~~...~≈≈≈
~≈≈≈.~≈≈≈≈~~~~~~.m~~~~....~≈≈≈
~≈≈~.~≈≈~~~~~..#..~m~~~~~.~~~~
~~Y≈~~≈≈~~~~..###.~~~.~~~.....
.~.Y~~≈≈~~~~~..##○m~.......≈~.
.~≈≈≈~~~~Y...~S...S....~..≈≈≈≈
..~≈≈≈≈~~Y.~.~m~~.<..~~~.~≈≈≈≈
.~.~≈≈≈~..~Yk~m~@.##....†.~~~.
....~≈≈~†.~~m~~~~##...~~~≈≈~..
...C~~~~~~~~~≈≈≈.m....~≈≈≈≈≈≈.
..Y...~~~~~~≈≈≈≈≈~..~~~...~...
......~~~~~~≈≈~≈≈~~~..~......#
~....~~~~~~~~~~≈≈≈~~~~~~~.....
~~~~~~~~~~~~~~~≈≈≈~~~~~
~~~~..~~~~~~≈~~~~≈~~~~~
~~~~.~~~~~~~~~~~~≈≈~~~~


You could see 2 sea snakes, a wind drake (repels missiles, fleeing), 4 merfolk,
2 merfolk sirens, a water nymph (fleeing) and 3 dream sheep.

Vanquished Creatures
  7 nagarajas
  An azure jelly (IceCv)
  2 quicksilver oozes (IceCv)
  2 merfolk impalers (Shoals:1)
  A merfolk javelineer (Shoals:1)
  5 hydras
  3 catoblepae (Lair:5)
  2 salamander tyrants
  7 anacondas
  2 boulder beetles (D:12)
  4 ogre magi (Orc:2)
  2 centaur warriors (D:13)
  15 two-headed ogres
  20 death yaks
  22 naga warriors
  11 shock serpents
  4 sun demons (Shoals:1)
  11 naga sharpshooters
  3 salamander mystics
  3 skysharks
  4 sea snakes
  4 naga ritualists
  4 mana vipers
  A lindwurm (Lair:3)
  A necromancer (D:13)
  2 deep elf pyromancers (D:12)
  3 fauns (Shoals:1)
  An ugly thing (D:12)
  Maurice (D:7)
  7 manticores
  6 salamanders
  20 elephants
  A cyclops (D:13)
  7 kobold blastminers
  18 naga magi
  34 black mambas
  A merfolk siren (Shoals:1)
  2 guardian serpents
  4 ice statues
  A torpor snail (Lair:4)
  3 water nymphs (Shoals:1)
  12 cane toads
  Maggie (D:10)
  7 komodo dragons
  A freezing wraith (Lair:2)
  3 rime drakes
  An efreet (D:13)
  A queen bee (D:10)
  3 trolls
  5 merfolk (Shoals:1)
  2 polar bears (Lair:2)
  A hornet (D:10)
  3 wind drakes (Shoals:1)
  17 blink frogs
  5 dream sheep
  18 slime creatures
  An air elemental (D:10)
  2 shadows
  9 wyverns
  A vampire (D:11)
  3 water elementals
  68 yaks
  9 humans (D:13)
  A wraith (D:9)
  4 basilisks
  A fire elemental (D:10)
  3 wargs (Orc:1)
  5 vampire mosquitoes
  52 nagas
  14 water moccasins
  2 acid dragons
  3 great orb of eyes simulacra (IceCv)
  27 orc warriors
  11 ice beasts
  31 ogres
  15 wolves
  3 centaurs
  4 kobold brigands
  3 slime creature simulacra (IceCv)
  15 bullfrogs
  A cane toad simulacrum (Lair:1)
  An earth elemental (D:10)
  3 scorpions
  28 killer bees
  An elephant simulacrum (Lair:1)
  3 electric eels (D:12)
  4 lava snakes (Lair:2)
  5 jellies
  11 orc priests
  A bombardier beetle (D:4)
  4 hounds (D:5)
  Terence (D:2)
  Natasha (thrice) (D:2)
  An iguana (D:7)
  16 orc wizards
  4 hell rats (Lair:5)
  3 shapeshifter simulacra (IceCv)
  A wolf simulacrum (Lair:1)
  2 gnolls (Bailey)
  7 adders
  6 river rats
  2 shadow imps
  3 white imps
  4 ufetubi (D:7)
  4 dart slugs (D:1)
  4 ribbon worms
  59 orcs
  9 endoplasms
  8 giant cockroaches
  13 hobgoblins
  2 jackals (D:4)
  28 kobolds
  6 quokkas
  19 ball pythons
  5 bats
  8 frilled lizards
  19 goblins
  29 rats
947 creatures vanquished.

Vanquished Creatures (others)
  An orc (Orc:2)
1 creature vanquished.

Grand Total: 948 creatures vanquished

Notes
Turn   | Place    | Note
-------+----------+-------------------------------------------
     0 | D:1      | Essalna the Gargoyle Earth Elementalist began the quest for
                  | the Orb.
     0 | D:1      | Reached XP level 1. HP: 10/10 MP: 3/3
    44 | D:1      | Reached XP level 2. HP: 15/15 MP: 0/5
   282 | D:1      | Reached skill level 4 in Earth Magic
   460 | D:1      | Reached XP level 3. HP: 19/19 MP: 4/6
   464 | D:1      | Learned a level 3 spell: Stone Arrow
   820 | D:1      | Found Becridyk's Book Shop.
  1291 | D:2      | Noticed Natasha
  1295 | D:2      | Killed Natasha
  1296 | D:2      | Reached XP level 4. HP: 24/24 MP: 3/8
  1486 | D:2      | Found a faded altar of an unknown god.
  1578 | D:2      | Noticed Terence
  1582 | D:2      | Killed Terence
  1596 | D:2      | Noticed Natasha
  1599 | D:2      | Killed Natasha
  1600 | D:2      | Reached XP level 5. HP: 22/28 MP: 5/9
  1791 | D:2      | Noticed Natasha
  1794 | D:2      | Killed Natasha
  1795 | D:2      | Reached skill level 5 in Earth Magic
  1992 | D:2      | Identified the ring of Disaster {Will+ rCorr Str+5}
  2452 | D:3      | Found a white marble altar of Elyvilon.
  2503 | D:3      | Reached XP level 6. HP: 32/32 MP: 8/11
  2532 | D:3      | Found a glowing drain.
  2539 | Sewer    | Entered a sewer
  2926 | Sewer    | Reached skill level 6 in Earth Magic
  3096 | D:3      | Found an iron altar of Okawaru.
  3154 | D:3      | Reached XP level 7. HP: 36/36 MP: 11/13
  3228 | D:3      | Found an opulent altar of Gozag.
  3231 | D:3      | Found a blossoming altar of Fedhas.
  3234 | D:3      | Found a burning altar of Makhleb.
  3695 | D:4      | Found Woyg Cad's Firing Range.
  4052 | D:4      | Identified the +10 spear "Irhownao" {venom, Will++}
  4215 | D:5      | Entered Level 5 of the Dungeon
  4283 | D:5      | Reached skill level 1 in Armour
  4428 | D:5      | Reached skill level 1 in Fighting
  4564 | D:5      | Found a staircase to the Ecumenical Temple.
  4573 | Temple   | Entered the Ecumenical Temple
  4581 | Temple   | Became a worshipper of Vehumet
  4714 | D:5      | Reached skill level 5 in Conjurations
  4728 | D:5      | Reached XP level 8. HP: 44/44 MP: 5/15
  4967 | D:5      | Found a runed translucent door.
  4969 | D:5      | Noticed fly's ghost (weakling KoDe)
  5419 | D:6      | Found a sparkling altar of Nemelex Xobeh.
  5628 | D:6      | Found a broken altar of Ashenzari.
  5786 | D:6      | Reached skill level 5 in Spellcasting
  5786 | D:6      | Reached skill level 7 in Earth Magic
  6400 | D:7      | Noticed Maurice
  6421 | D:7      | Something stole a +4 ring of slaying
  6430 | D:7      | Killed Maurice
  6431 | D:7      | Reached XP level 9. HP: 49/52 MP: 3/17
  6673 | D:7      | Reached * piety under Vehumet
  6673 | D:7      | Offered knowledge of Freeze by Vehumet.
  7229 | D:8      | Found a flagged portal.
  7235 | Bailey   | Entered a bailey
  7307 | Bailey   | Reached skill level 8 in Earth Magic
  7446 | Bailey   | Reached ** piety under Vehumet
  7446 | Bailey   | Offered knowledge of Shock by Vehumet.
  7584 | Bailey   | Reached skill level 5 in Fighting
  7605 | Bailey   | Noticed an orc warlord
  7629 | Bailey   | Reached skill level 5 in Armour
  7629 | Bailey   | Reached XP level 10. HP: 59/59 MP: 19/19
  7772 | Bailey   | Upgraded the game from 0.31-a0-1555-g5715333c33 to
                  | 0.31-a0-1606-g60c5cc7444
  7798 | Bailey   | Identified the +8 sling of Exyodon {freeze, Dex+2}
  7880 | Bailey   | Got the Anthology of the Cumulonimbus and Apparitions
  7885 | Bailey   | Reached skill level 10 in Conjurations
  7885 | Bailey   | Reached skill level 12 in Earth Magic
  7885 | Bailey   | Reached XP level 11. HP: 51/64 MP: 18/20
  8297 | D:8      | Offered knowledge of Static Discharge by Vehumet.
  8780 | D:8      | Noticed a moth of wrath
  8781 | D:8      | Found a bloodstained altar of Trog.
  8781 | D:8      | Noticed vurker's ghost (novice DjAE)
  8847 | D:8      | Found a transporter.
  8852 | D:8      | Found a transporter.
  9077 | D:9      | Reached *** piety under Vehumet
  9534 | D:9      | Offered knowledge of Airstrike by Vehumet.
  9570 | D:10     | Entered Level 10 of the Dungeon
  9852 | D:9      | Found a stormy altar of Qazlal.
 10154 | D:10     | Reached skill level 5 in Dodging
 10390 | D:10     | Found a staircase to the Lair.
 10402 | D:10     | Reached **** piety under Vehumet
 10520 | D:10     | Offered knowledge of Iskenderun's Battlesphere by Vehumet.
 10522 | D:10     | Reached XP level 12. HP: 57/71 MP: 17/22
 10532 | D:10     | Learned a level 5 spell: Iskenderun's Battlesphere
 10783 | D:10     | Noticed Maggie
 10788 | D:10     | Killed Maggie
 11110 | D:10     | Found a large runed translucent door.
 11110 | D:10     | Found a large runed translucent door.
 11589 | D:11     | Identified the +2 rapier "Teukat" {freeze, rElec Dex+3
                  | Stlth-}
 11627 | D:11     | Found a portal to a secret trove of treasure.
 11935 | D:11     | Reached skill level 13 in Earth Magic
 12150 | D:11     | You fall into a shaft and drop 3 floors!
 12150 | D:14     | Found Xurhiac's Antique Artefacts.
 12155 | D:14     | Noticed a centaur warrior
 12169 | D:13     | Reached ***** piety under Vehumet
 12215 | D:13     | Offered knowledge of Eringya's Noxious Bog by Vehumet.
 12432 | D:13     | Noticed a vault guard
 12444 | D:13     | Noticed a vault guard
 12456 | D:13     | Noticed a centaur warrior
 12459 | D:13     | Noticed a centaur warrior
 12481 | D:13     | Killed a centaur warrior
 12512 | D:13     | Killed a centaur warrior
 12697 | D:13     | Found a runed translucent door.
 12700 | D:13     | Noticed a skyshark
 12700 | D:13     | a skyshark changed into an eye of devastation
 12707 | D:13     | Identified the +4 great sword "Heasotz" {venom, *Corrode
                  | rF++ Str+4}
 12726 | D:13     | Noticed an eight-headed hydra
 12727 | D:13     | a snapping turtle changed into a two-headed ogre
 12727 | D:13     | Noticed a two-headed ogre (glowing shapeshifter)
 12743 | D:13     | Noticed a death knight
 12810 | D:11     | Identified the +2 robe "Golloo Negi" {rCorr MP+9}
 13234 | D:12     | Noticed a boulder beetle
 13246 | D:12     | Killed a boulder beetle
 13285 | D:12     | Noticed a two-headed ogre
 13290 | D:12     | Killed a two-headed ogre
 13291 | D:12     | Reached XP level 13. HP: 65/78 MP: 20/25
 14284 | D:12     | Found a staircase to the Orcish Mines.
 14458 | D:12     | Reached skill level 14 in Earth Magic
 14913 | Lair:1   | Entered Level 1 of the Lair of Beasts
 15087 | Lair:1   | You fall into a shaft and drop 1 floor!
 15178 | Lair:1   | Found a frozen archway.
 15196 | IceCv    | Entered an ice cave
 15541 | IceCv    | Identified the +1 battleaxe "Tilievem" {holy, Dex+4}
 16083 | IceCv    | Offered knowledge of Irradiate by Vehumet.
 16153 | IceCv    | Noticed a quicksilver ooze
 16158 | IceCv    | Killed a quicksilver ooze
 16217 | IceCv    | Found a viscous altar of Jiyva.
 16217 | IceCv    | Noticed an azure jelly
 16223 | IceCv    | Killed an azure jelly
 16253 | IceCv    | Noticed a quicksilver ooze
 16256 | IceCv    | Killed a quicksilver ooze
 16257 | IceCv    | Reached skill level 10 in Fighting
 16320 | IceCv    | Got the ring of the Taurataur {rC+ Dex+3}
 16618 | Lair:1   | Reached skill level 15 in Earth Magic
 16619 | Lair:1   | Gained mutation: Your large and strong wings let you fly.
                  | [Gargoyle growth]
 16619 | Lair:1   | Reached XP level 14. HP: 88/88 MP: 27/27
 17159 | Lair:2   | Found a staircase to the Shoals.
 17694 | Lair:2   | Reached skill level 1 in Shields
 17729 | Lair:2   | Got the Omnibus of Attendants and Hail
 18239 | Lair:2   | Reached skill level 5 in Shields
 18405 | Lair:2   | Found a staircase to the Snake Pit.
 20153 | Lair:4   | Offered knowledge of Bombard by Vehumet.
 20170 | Lair:3   | Learned a level 6 spell: Bombard
 20228 | Lair:3   | Reached skill level 10 in Shields
 20793 | Lair:4   | Reached XP level 15. HP: 93/93 MP: 28/28
 21799 | Lair:5   | Entered Level 5 of the Lair of Beasts
 22493 | Lair:5   | Reached skill level 16 in Earth Magic
 23302 | Lair:5   | Found a viscous altar of Jiyva.
 23307 | Lair:5   | Found a staircase to the Slime Pits.
 23463 | Lair:5   | Offered knowledge of Conjure Ball Lightning by Vehumet.
 24440 | Lair:5   | Identified the +0 plate armour "Haruwoso" {rF+ rC+}
 24702 | Orc:1    | Entered Level 1 of the Orcish Mines
 25042 | Orc:2    | Entered Level 2 of the Orcish Mines
 25233 | Orc:2    | Reached skill level 17 in Earth Magic
 25506 | Orc:2    | Reached XP level 16. HP: 104/104 MP: 8/29
 26268 | Orc:2    | Found a staircase to the Elven Halls.
 26275 | Orc:2    | Found Xewn's Distillery.
 26370 | Orc:2    | Found Osybummian's Magic Scroll Shoppe.
 26370 | Orc:2    | Found Loeral's Antique Armour Boutique.
 26371 | Orc:2    | Found Ajecae Neli's Antique Armour Boutique.
 26371 | Orc:2    | Found Diloes's General Store.
 26378 | Orc:2    | Bought a scroll of acquirement for 572 gold pieces
 26378 | Orc:2    | Bought a scroll of teleportation for 33 gold pieces
 26378 | Orc:2    | Bought a scroll of teleportation for 33 gold pieces
 26378 | Orc:2    | Bought a scroll of revelation for 82 gold pieces
 26378 | Orc:2    | Bought a scroll of revelation for 82 gold pieces
 26378 | Orc:2    | Bought a scroll of blinking for 82 gold pieces
 26378 | Orc:2    | Acquired 973 gold pieces
 26381 | Orc:2    | Bought a pair of embroidered gloves for 210 gold pieces
 26381 | Orc:2    | Bought a pair of embroidered gloves for 210 gold pieces
 26381 | Orc:2    | Bought a spiked ring mail for 252 gold pieces
 26381 | Orc:2    | Identified the +3 ring mail of Erphit {-Tele Harm Str+4
                  | Int+5} (You bought it in a shop on level 2 of the Orcish
                  | Mines)
 26685 | Orc:1    | Reached skill level 18 in Earth Magic
 27132 | Snake:1  | Entered Level 1 of the Snake Pit
 27696 | Snake:1  | Found Vothup's Book Shoppe.
 27703 | Snake:1  | Bought a book of the Moon for 480 gold pieces
 27703 | Snake:1  | Found Rampao's General Store.
 27713 | Snake:1  | Bought a potion of heal wounds for 70 gold pieces
 27713 | Snake:1  | Bought a scroll of teleportation for 42 gold pieces
 28618 | Snake:2  | Found Ylamoy's Assorted Antiques.
 28626 | Snake:2  | Bought a runed scarf for 280 gold pieces
 29621 | Snake:2  | Reached skill level 15 in Fighting
 29669 | Snake:2  | Identified the +0 plate armour "Yfyigh" {rF- Regen+ rCorr
                  | Dex-2}
 29703 | Snake:2  | Reached ****** piety under Vehumet
 29876 | Snake:2  | Reached skill level 19 in Earth Magic
 29882 | Snake:2  | Found a white marble altar of Elyvilon.
 30223 | Snake:2  | Noticed a nagaraja
 30230 | Snake:2  | Killed a nagaraja
 30380 | Snake:2  | Learned a level 5 spell: Lee's Rapid Deconstruction
 30431 | Snake:2  | Offered knowledge of Spellforged Servitor by Vehumet.
 30994 | Snake:3  | Noticed a nagaraja
 31000 | Snake:3  | Killed a nagaraja
 31284 | Snake:3  | Reached XP level 17. HP: 112/114 MP: 23/30
 32270 | Snake:3  | Reached skill level 20 in Earth Magic
 32783 | Snake:4  | Entered Level 4 of the Snake Pit
 33972 | Snake:4  | Offered knowledge of Fireball by Vehumet.
 33973 | Snake:4  | Reached skill level 21 in Earth Magic
 33979 | Snake:4  | Learned a level 5 spell: Fireball
 34071 | Snake:4  | Reached skill level 1 in Fire Magic
 34394 | Snake:4  | Found Riruhov's Book Shoppe.
 34395 | Snake:4  | Found Hopnowill's Jewellery Boutique.
 34395 | Snake:4  | Found Tereosch's Jewellery Boutique.
 34733 | Snake:4  | Identified the +8 sling of Coreotarch {freeze, ^Fragile
                  | rElec rPois rF++}
 35203 | Snake:4  | Reached skill level 5 in Fire Magic
 36010 | Snake:4  | Got a serpentine rune of Zot
 36136 | Snake:4  | Upgraded the game from 0.31-a0-1606-g60c5cc7444 to
                  | 0.31-a0-1612-g4aaf141004
 36246 | Shoals:1 | Entered Level 1 of the Shoals
 37111 | Shoals:1 | Reached XP level 18. HP: 109/120 MP: 17/31
 38159 | Shoals:2 | Slain by a merfolk

Illustrated notes

Levels and vault maps discovered:
D:1:      erik_arrival_triangle_medium, layout_basic, serial_shops, shop,
          minmay_crystal_water, minivault_27,
          hangedman_abyss_or_decor_lesser_grid, minivault_14, chequers_avenue,
          serial_bayou_pond_b, dk_noncrumbling_4, hangedman_decor_peaks_small
D:2:      cheibrodos_helix_gallery, layout_basic,
          hellmonk_ecumenical_altar_lost_god, grunt_ministairs_14, uniq_terence,
          uniq_natasha
D:3:      layout_basic, chequers_temple_overflow_statue_of_worship,
          grunt_temple_overflow_diamond, lightli_sewer_entry_pipes,
          minmay_gold_behind_fungi
D:4:      nicolae_BIG_FREAKIN_CUBE, layout_cave_pools, nicolae_shop_firing_range
D:5:      layout_basic, minmay_temple_entry_offerings,
          ebering_ghost_reflecting_pool
D:6:      layout_loops_corners, ashenzari_altar_1, nemelex_dance_club_becter
D:7:      wander_river, layout_basic, uniq_maurice
D:8:      layout_basic, enter_bailey_3, gammafunk_ghost_wrathful_warriors
D:9:      layout_stronghold, nicolae_qazlal_general_emergency
D:10:     layout_roguey [special_room_bee], minmay_lair_entry_grove,
          lightli_elemental_guards, uniq_maggie
D:11:     layout_basic, enter_trove_6, serial_library_hellmonk_u_bend
D:12:     layout_basic, orc_0_dummy
D:13:     layout_roguey, grunt_vaults_entry_tiered, minmay_st_funbox
D:14:     layout_cave_pods, nzn_hepliaklqana_mist_gate, special_room
          [special_room_orc], serial_shops, nicolae_shop_rolling_square,
          nicolae_antique_artefacts
Temple:   eino_narrow_crystal_temple
Lair:1:   layout_chaotic_city, portal_ice_cave_entry_ice_simulacra
Lair:2:   layout_chaotic_city, minmay_shoals_entry_beasts,
          nicolae_snake_entry_warm_welcome, ice2_lemuel,
          infiniplex_staircase_pool
Lair:3:   layout_chaotic_city
Lair:4:   layout_small_grid, chequers_serial_rivers_room_b, grunt_megastairs_5,
          lemuel_fruit_fields
Lair:5:   evilmike_catoblepas_cave, layout_misc_corridors, slime_entry_2,
          chequers_serial_rivers_micro_a
Shoals:1: layout_shoals, nicolae_shoals_sun_and_surf
Shoals:2: layout_shoals, nicolae_shoals_songs
Snake:1:  layout_honeycomb, serial_bayou_shore_b, minmay_shoptagon
Snake:2:  layout_cave_shapes, basic_altar, serial_shops, nicolae_shop_peninsula,
          guppyfry_library_mini, grunt_megastairs_2, nicolae_triple_integral
Snake:3:  layout_layer_cave, nicolae_zig_zag_zippers
Snake:4:  minmay_snake_end_coiled, layout_gridlike, minmay_shop_grove,
          lemuel_fruit_tree, serial_bayou_shore_b
Orc:1:    layout_diamond_mine
Orc:2:    st_orc_ogre_mass, layout_caves, serial_shops,
          nicolae_shop_tiny_real_fake_doors, basic_altar

Skill      XL: |  1  2  3  4  5  6  7  8  9 10 11 12 13 14 15 16 17 18 |
---------------+-------------------------------------------------------+-----
Earth Magic    | 4 5 6 7 8 12 13 15 17 19 21 | 21.0
Conjurations   | 2 3 4 5 6 10 11 12 13 14 | 14.0
Spellcasting   | 3 4 5 6 7 8 9 |  9.0
Armour         | 2 3 5 6 7 |  7.0
Fighting       | 1 3 5 6 8 10 13 15 16 | 16.0
Dodging        | 2 3 4 5 6 7 |  7.0
Shields        | 10 11 | 11.4
Fire Magic     | 8 9 |  9.3
Stealth        | |  2.1

Action                     |  1- 3 |  4- 6 |  7- 9 | 10-12 | 13-15 | 16-18 || total
---------------------------+-------+-------+-------+-------+-------+-------++-------
  Melee: Unarmed           |    16 |       |       |       |       |       ||    16
         Punch             |     1 |     1 |       |       |     1 |       ||     3
         Dagger            |       |    19 |       |       |       |       ||    19
         Spear             |       |       |    12 |     5 |    16 |     1 ||    34
   Cast: Sandblast         |    49 |   105 |   178 |   324 |   470 |    66 ||  1192
         Stone Arrow       |       |       |     6 |    42 |   319 |   585 ||   952
         Iskenderun's Batt |       |       |       |    28 |   129 |   120 ||   277
         Bombard           |       |       |       |       |       |     9 ||     9
  Evoke: Wand              |       |     4 |     2 |     2 |       |       ||     8
    Use: Scroll            |       |     6 |     9 |    14 |     7 |     5 ||    41
         Potion            |       |       |       |     3 |     1 |     1 ||     5
 Armour: Robe              |    16 |    53 |    68 |   163 |   474 |   256 ||  1030
         Steam dragon scal |       |       |       |    92 |       |       ||    92
         Ice dragon scales |       |       |       |       |    33 |       ||    33
  Dodge: Dodged            |    18 |    56 |    71 |   186 |   351 |   102 ||   784
  Block: Kite shield       |       |       |       |       |   342 |   186 ||   528
         Reflection        |       |       |       |       |     8 |     9 ||    17

Table legend: (Time is in decaauts)
 A = Elapsed time spent in this place.
 B = Non-inter-level travel time spent in this place.
 C = Inter-level travel time spent in this place.
 D = Time resting spent in this place.
 E = Time spent auto-exploring this place.
 F = Levels seen in this place.
 G = Mean time per level.
                   A        B        C        D        E       F      G
               +--------+--------+--------+--------+--------+-----+--------+
         Total |  38931 |  37146 |   1785 |   1775 |  29495 |  31 | 1255.8 |
       Dungeon |  14312 |  13516 |    796 |    186 |  11339 |  14 | 1022.3 |
        Temple |     16 |      2 |     14 |      0 |      0 |   1 |   16.0 |
          Lair |   8772 |   8162 |    610 |    684 |   6070 |   5 | 1754.4 |
        Shoals |   1916 |   1910 |      6 |      0 |   1684 |   2 |  958.0 |
     Snake Pit |   9116 |   8869 |    247 |    421 |   7267 |   4 | 2279.0 |
  Orcish Mines |   2301 |   2191 |    110 |    484 |   1362 |   2 | 1150.5 |
         Sewer |    553 |    553 |      0 |      0 |    440 |   1 |  553.0 |
        Bailey |    706 |    706 |      0 |      0 |    401 |   1 |  706.0 |
      Ice Cave |   1236 |   1236 |      0 |      0 |    932 |   1 | 1236.0 |
               +--------+--------+--------+--------+--------+-----+--------+

Top non-repeatable levels by time:
 Snake:4: 3011 daAuts
 Snake:2: 2423 daAuts
 Snake:3: 2302 daAuts
  Lair:4: 2245 daAuts
  Lair:5: 2046 daAuts
    D:12: 1806 daAuts
Shoals:1: 1801 daAuts
  Lair:2: 1643 daAuts
    D:10: 1504 daAuts
  Lair:1: 1422 daAuts
  Lair:3: 1415 daAuts
 Snake:1: 1378 daAuts
    D:11: 1360 daAuts
   Orc:1: 1358 daAuts
     D:2: 1252 daAuts
